AoeStats
← JakeyHaHa

Arena

509496581Analyzed
2v2 RM · 7d ago on Sep 27, 2026· 56m 32s· 4 players
Game mode
Random Map
Map size
Medium (4 player)
Population
200
Speed
Normal
Resources
Standard
Victory
Conquest
Starting age
Dark Age
Ending age
Imperial Age
RankedLock teamsTeams togetherTeam positionsShared explorationLock speedFull tech treeHidden civsTurbo modeCheats
Victory
Defeat
🇦🇺 Ethiopians · Australia
1106
+15
🇦🇺 Vietnamese · Australia
1055
+17
🇺🇸 Slavs · United States
1084
-16
🇺🇸 Danes · United States
1080
-16
Gezzle
10:51 Feudal Age
12:59 Loom
15:00 Double-Bit Axe
14:57 Horse Collar
22:07 Castle Age
24:03 Bow Saw
23:54 Heavy Plow
26:41 Pikeman
29:18 Wheelbarrow
28:31 Town Watch
32:39 Imperial Age
30:28 Bloodlines
30:27 Scale Barding Armor
30:34 Forging
32:31 Scale Mail Armor
32:40 Fletching
33:40 Ballistics
34:38 Chatras
35:33 Hand Cart
35:19 Town Patrol
36:53 Chain Barding Armor
38:13 Paper Money
40:23 Pikeman
40:34 Pikeman
41:18 Halberdier
43:43 Chemistry
43:32 Chain Mail Armor
43:52 Iron Casting
48:06 Squires
47:51 Arson
Nibbles
10:41 Feudal Age
11:47 Double-Bit Axe
14:15 Castle Age
12:18 Horse Collar
17:17 Loom
20:53 Bow Saw
23:36 Wheelbarrow
24:36 Gold Mining
26:14 Gold Shaft Mining
26:31 Heavy Plow
26:52 Squires
27:33 Hand Cart
30:28 Imperial Age
27:52 Arson
29:03 Forging
28:54 Scale Mail Armor
30:50 Iron Casting
30:11 Town Watch
30:00 Man-at-Arms
30:49 Thumb Ring
30:05 Crossbowman
30:45 Halberdier
31:35 Fletching
32:01 Chain Mail Armor
32:47 Blast Furnace
32:27 Conscription
31:44 Long Swordsman
33:44 Two-Man Saw
33:20 Arbalester
34:39 Ballistics
35:20 Chemistry
34:00 Two-Handed Swordsman
34:39 Bodkin Arrow
37:01 Bracer
37:01 Padded Archer Armor
43:26 Murder Holes
43:42 Masonry
43:06 Capped Ram
43:52 Elite Shotel Warrior
44:49 Siege Ram
Streetlamp Le Moose
11:35 Feudal Age
15:29 Castle Age
13:45 Double-Bit Axe
13:43 Horse Collar
15:48 Bloodlines
16:00 Light Cavalry
19:25 Scale Barding Armor
19:32 Forging
22:30 Iron Casting
22:02 Scale Barding Armor
23:54 Bow Saw
27:30 Loom
28:26 Wheelbarrow
27:36 Town Watch
30:52 Imperial Age
28:43 Husbandry
29:44 Chain Barding Armor
30:12 Heavy Plow
31:26 Padded Archer Armor
31:17 Fletching
31:44 Detinets
32:13 Ballistics
31:43 Elite Skirmisher
33:37 Chemistry
32:02 Elite Boyar
33:22 Plate Barding Armor
36:22 Leather Archer Armor
36:02 Bodkin Arrow
JakeyHaHa
12:17 Feudal Age
15:53 Castle Age
15:33 Double-Bit Axe
17:24 Forging
17:15 Scale Mail Armor
17:14 Arson
19:07 Bow Saw
18:49 Horse Collar
24:49 Squires
27:19 Wheelbarrow
27:20 Heavy Plow
27:59 Iron Casting
27:56 Chain Mail Armor
32:47 Imperial Age
30:40 Hand Cart
31:49 Gambesons
33:03 Elite Jomsviking
34:44 Blast Furnace
34:16 Plate Mail Armor
34:13 Onager
36:36 Siege Engineers
35:54 Siege Onager
38:27 Elite Varangian Guard
43:16 Capped Ram
44:08 Siege Ram
50:38 Heavy Mounted Crossbowman
50:40 Cranequins
53:12 Fletching
53:22 Padded Archer Armor
Connection lost

Rejoining the realm…

Still unreachable

The connection could not be restored.

Session expired

The server has moved on; the page needs a fresh start.